Match 46374964
Unlisted

Match 46374964
End
Selects Italian Coastal Battlegroup
Selects Coastal Reserves
Coastal Reserve
Construct Infanterie Kompanie
Grenadier Squad
MG 42 Machine Gun Team
Construct Panzergrenadier Kompanie
Selects Designate Defensive Line
Panzergrenadier Squad
Designate Defensive Line
Pak 40 Anti-tank Gun Team
Selects Rapid Fortifications
Panzergrenadier Squad
Panzergrenadier Officer Quarters
Construct Panzer Kompanie
Stoßtruppen Squad
Panzer Officer Quarters
CAuMOH
✠Kaiser✠ tushkan
UMirinBrah?
Ghost
0
0

Comments sign in to comment!

No comments posted yet!